 Dungeon Crawl Stone Soup version 0.19.1-1-g22dce08 (webtiles) character file.

26989 Alarkh the Cleaver (level 13, 0/101 HPs)
             Began as a Demonspawn Monk on Jan 5, 2017.
             Was a High Priest of Okawaru.
             Slain by a six-headed hydra (10 damage)
             ... on level 4 of the Lair of Beasts.
             The game lasted 00:30:11 (15536 turns).

Alarkh the Cleaver (Demonspawn Monk)               Turns: 15536, Time: 00:30:11

Health: 0/101      AC: 26    Str: 17    XL:     13   Next: 1%
Magic:  18/19      EV: 16    Int: 16    God:    Okawaru [*****.]
Gold:   676        SH:  3    Dex: 17    Spells: 1 memorised, 10 levels left

rFire  + + .     SeeInvis .     b - +4 great mace (protect)
rCold  + . .     Gourm    .     M - +1 chain mail of Insatiable Hunger {Regen+ Str+6}
rNeg   . . .     Faith    .     (shield currently unavailable)
rPois  +         Spirit   .     (helmet restricted)
rElec  .         Reflect  +     B - +1 cloak {rPois}
rCorr  .         Harm     .     Y - +0 pair of gloves
MR     .....                    V - +0 pair of boots
Stlth  +.........               k - +3 amulet of reflection
                                E - ring of protection from cold
                                x - ring of protection from fire

@: heroism, protection aura
A: antennae 2, fire resistance 1, wild magic 1, flame cloud immunity, sturdy
frame 2
a: Heroism, Finesse, Renounce Religion


You were on level 4 of the Lair of Beasts.
You worshipped Okawaru.
Okawaru was extremely pleased with you.
You were not hungry.

You visited 3 branches of the dungeon, and saw 17 of its levels.
You visited the Abyss 1 time.
You also visited: Sewer.

You collected 878 gold pieces.
You spent 202 gold pieces at shops.

Inventory:

Hand Weapons
 a - a +8 battleaxe
 b - a +4 great mace of protection (weapon)
 w - a +1 executioner's axe of freezing
Missiles
 X - a throwing net (quivered)
Armour
 B - a +1 cloak of poison resistance (worn)
 M - the +1 chain mail of Insatiable Hunger (worn) {Regen+ Str+6}
   (You found it on level 10 of the Dungeon)

   It affects your strength (+6).
   It increases your rate of regeneration.
 V - a +0 pair of boots (worn)
 Y - a +0 pair of gloves (worn)
Magical Staves
 d - an uncursed staff of poison {unknown}
 f - a cursed staff of power {unknown}
 S - an uncursed staff of cold
Jewellery
 h - an uncursed ring of teleportation
 k - a +3 amulet of reflection (around neck)
 x - a ring of protection from fire (left hand)
 z - an uncursed ring of see invisible
 C - an uncursed ring of flight
 E - a ring of protection from cold (right hand)
Wands
 t - a wand of random effects (24/48)
 v - a wand of confusion (44/48)
 H - a wand of lightning (4/15)
 I - a wand of disintegration (7/24)
 J - a wand of digging (9/24)
 O - a wand of iceblast (8/15)
Scrolls
 e - a scroll of identify
 i - 6 scrolls of remove curse
 j - 2 scrolls of immolation
 m - 2 scrolls of blinking
 o - 2 scrolls of teleportation
 y - 4 scrolls of fog
 L - 2 scrolls of fear
 Q - a scroll of magic mapping
Potions
 n - a potion of flight
 p - 7 potions of curing
 r - a potion of heal wounds
 D - a potion of brilliance
 G - a potion of cancellation
 U - a potion of cure mutation
 W - a potion of lignification
Books
 s - a book of Air

   Spells                             Type                      Level
   a - Shock                          Conjuration/Air              1
   b - Swiftness                      Charms/Air                   2
   c - Repel Missiles                 Charms/Air                   2
   d - Static Discharge               Conjuration/Air              3
   e - Lightning Bolt                 Conjuration/Air              5
 u - a book of the Tempests

   Spells                             Type                      Level
   a - Static Discharge               Conjuration/Air              3
   b - Lightning Bolt                 Conjuration/Air              5
   c - Fireball                       Conjuration/Fire             5
   d - Tornado                        Air                          9
   e - Shatter                        Earth                        9
Comestibles
 c - 10 bread rations
 g - 2 fruits
 l - 2 slices of pizza
 q - 2 meat rations
 A - 2 beef jerkies
 F - 16 chunks of flesh


   Skills:
 + Level 9.0(14.0) Fighting
 * Level 14.4(19.4) Axes
 + Level 7.4(12.4) Armour
 + Level 7.9(12.9) Dodging
 - Level 1.7(6.7) Stealth
 + Level 8.0 Invocations


You had 10 spell levels left.
You knew the following spells:

 Your Spells              Type           Power        Failure   Level  Hunger
d - Repel Missiles        Chrm/Air       #.....       96%         2    ###....


Dungeon Overview and Level Annotations

Branches:
Dungeon (12/15)            Temple (1/1) D:7            Lair (4/6) D:9
  Swamp (0/4) Lair:2        Snake (0/4) Lair:2          Orc (0/2) D:9

Altars:
Ashenzari
Cheibriados
Dithmenos
Elyvilon
Fedhas
Gozag
Hepliaklqana
Kikubaaqudgha
Makhleb
Nemelex Xobeh
Okawaru
Qazlal
Ru
Sif Muna
Trog
Uskayaw
Vehumet
Xom
Yredelemnul
Zin
The Shining One

Shops:
D:4 *   D:10 }

Annotations:
D:11 Sonja


Innate Abilities, Weirdness & Mutations

You have a pair of antennae on your head.
Your flesh is heat resistant. (rF+)
You are immune to clouds of flame.
Your movements are less encumbered by armour. (ER -4)
Your spells are a little harder to cast, but a little more powerful.


Message History

* * * LOW HITPOINT WARNING * * *
The six-headed hydra bites you.
* * * LOW HITPOINT WARNING * * *
The six-headed hydra barely misses you. The six-headed hydra misses you.
The six-headed hydra bites you.
* * * LOW HITPOINT WARNING * * *
The six-headed hydra bites you but does no damage.
Evoke which item? (* to show all) (? for menu, Esc to quit)
Zapping:
O - a wand of iceblast (will waste charges)
Press: ? - help, Shift-Dir - straight line The mass of ice explodes!
The iceblast engulfs the six-headed hydra.
The six-headed hydra is almost dead.
Evoking this partially-identified wand wasted a few charges.
You hear a howl!
The six-headed hydra misses you. The six-headed hydra barely misses you.
The six-headed hydra misses you.
The six-headed hydra bites you but does no damage. x2
The six-headed hydra bites you!
You die...

...... ..# .......####..# .#....
..........#... ........
..................##........##
.............................#.
.................................
.................................
................................)
................@D.......P.......
.........................P.......
.................................
.................................
................................#
....................#P........#..
............#......##........♣♣♣.
......÷...>..#.....#...#....♣♣ ♣
#...........##.....P.......♣♣♣♣♣♣


You could see a six-headed hydra.

Vanquished Creatures
  Rupert (Lair:3)
  Snorg (Lair:3)
  The ghost of Quirk the Cleaver, a novice DsFi of Okawaru (D:8)
  A thrashing horror (Abyss:2)
  A hill giant (D:10)
  A cyclops (D:11)
  A black mamba (Lair:2)
  Maurice (D:11)
  7 spiny frogs
  Psyche (D:11)
  A gargoyle (D:10)
  4 komodo dragons
  Prince Ribbit (D:7)
  3 trolls
  A two-headed ogre (D:9)
  5 hippogriffs
  A hill giant zombie (D:9)
  35 yaks
  3 hogs (D:8)
  5 hungry ghosts
  A human (D:8)
  Grum (D:8)
  A chaos spawn (Abyss:2)
  2 vampire mosquitoes (Lair:2)
  3 nagas (Lair:2)
  4 water moccasins
  2 porcupines
  4 orc warriors
  2 black bears (D:10)
  5 ice beasts
  An alligator simulacrum (Abyss:2)
  3 sky beasts
  A necrophage (D:9)
  5 phantoms
  3 ogres
  11 centaurs
  3 wolves (D:8)
  12 crocodiles
  12 bullfrogs
  4 big kobolds
  A small abomination (Abyss:2)
  3 scorpions
  A troll zombie (D:9)
  6 killer bees (D:8)
  9 wights
  5 howler monkeys
  3 electric eels (Lair:2)
  2 bullfrog zombies
  3 crimson imps
  5 hounds
  10 orc priests
  A jelly (D:7)
  2 bullfrog skeletons
  6 orc wizards
  A centaur skeleton (D:5)
  4 iguanas
  Natasha (thrice) (D:2)
  2 hell rats (Lair:3)
  5 worker ants
  6 ogre zombies (D:9)
  A hound zombie (D:6)
  A howler monkey zombie (D:10)
  3 worker ant zombies
  Robin (D:2)
  A gnoll (D:2)
  A howler monkey skeleton (D:8)
  6 river rats
  12 adders
  4 shadow imps
  An ooze (D:1)
  2 adder zombies
  An adder skeleton (D:6)
  5 worms
  A dart slug (D:3)
  6 leopard geckos
  36 orcs
  10 bats
  6 giant cockroaches
  16 goblins
  11 hobgoblins
  10 jackals
  3 quokkas
  8 ball pythons
  4 frilled lizards
  2 goblin skeletons (D:9)
  3 goblin zombies (D:9)
  A hobgoblin skeleton (D:9)
  5 hobgoblin zombies (D:9)
  A jackal zombie (D:9)
  31 kobolds
  2 leopard gecko skeletons
  14 orc zombies (D:9)
  40 rats
  A spectral orc (D:7)
  A plant (Lair:2)
484 creatures vanquished.

Vanquished Creatures (others)
  A fungus (Lair:3)
1 creature vanquished.

Grand Total: 485 creatures vanquished

Notes
Turn   | Place    | Note
-------+----------+-------------------------------------------
     0 | D:1      | Alarkh the Demonspawn Monk began the quest for the Orb.
     0 | D:1      | Reached XP level 1. HP: 18/18 MP: 1/1
    25 | D:1      | Reached skill level 3 in Axes
    79 | D:1      | Gained mutation: Your movements are slightly less encumbered by armour. (ER -2) [demonic ancestry]
    79 | D:1      | Reached XP level 2. HP: 21/24 MP: 2/2
  1244 | D:2      | Reached XP level 3. HP: 18/29 MP: 3/3
  1441 | D:2      | Reached skill level 4 in Axes
  1576 | D:2      | Noticed Natasha
  1798 | D:2      | Noticed Robin
  2201 | D:2      | Killed Robin
  2201 | D:2      | Reached XP level 4. HP: 20/35 MP: 4/4
  2706 | D:3      | Reached skill level 5 in Axes
  3074 | D:3      | Reached XP level 5. HP: 37/41 MP: 5/5
  3211 | D:3      | Found a faded altar of an unknown god.
  3211 | D:3      | Found an iron altar of Okawaru.
  3217 | D:3      | Found a faded altar of an unknown god.
  3221 | D:3      | Found a faded altar of an unknown god.
  3222 | D:3      | Found a sparkling altar of Nemelex Xobeh.
  3527 | D:4      | Reached skill level 6 in Axes
  3527 | D:4      | Reached XP level 6. HP: 19/47 MP: 6/6
  3555 | D:4      | Found Win Xoeh's Assorted Antiques.
  3570 | D:4      | Bought a steaming ring mail for 153 gold pieces
  3570 | D:4      | Bought 2 scrolls labeled AHAQITA OMUTA for 34 gold pieces
  3570 | D:4      | Bought a metallic sapphire potion for 15 gold pieces
  3616 | D:3      | Identified the cursed +0 ring mail of Ytsaogu {rF+ Str+3 SInv} (You bought it in a shop on level 4 of the Dungeon)
  3863 | D:4      | HP: 2/47 [hound (4)]
  3867 | D:4      | Reached skill level 7 in Axes
  3886 | D:4      | Found a glowing drain.
  3911 | Sewer    | Entered a sewer
  4201 | Sewer    | Gained mutation: You have a pair of small antennae on your head. [demonic ancestry]
  4201 | Sewer    | Reached XP level 7. HP: 23/52 MP: 7/7
  5026 | D:4      | Found a white marble altar of Elyvilon.
  5053 | D:5      | Entered Level 5 of the Dungeon
  5124 | D:5      | Reached skill level 8 in Axes
  5340 | D:2      | Killed Natasha
  5678 | D:2      | Noticed Natasha
  5684 | D:2      | Killed Natasha
  5807 | D:2      | Noticed Natasha
  5811 | D:2      | Killed Natasha
  6185 | D:5      | Reached skill level 9 in Axes
  6185 | D:5      | Gained mutation: Your movements are less encumbered by armour. (ER -4) [demonic ancestry]
  6185 | D:5      | Reached XP level 8. HP: 58/58 MP: 8/8
  6817 | D:6      | Found a deep blue altar of Sif Muna.
  6913 | D:6      | Noticed a troll
  6927 | D:6      | Killed a troll
  6927 | D:6      | Reached skill level 10 in Axes
  7558 | D:7      | Reached skill level 1 in Armour
  7558 | D:7      | Gained mutation: You have a pair of antennae on your head. [demonic ancestry]
  7558 | D:7      | Reached XP level 9. HP: 51/64 MP: 9/9
  7888 | D:3      | Became a worshipper of Warmaster Okawaru
  7888 | D:3      | Reached * piety under Okawaru
  7888 | D:3      | Reached ** piety under Okawaru
  8052 | D:7      | Found a basalt altar of Yredelemnul.
  8137 | D:7      | Found a staircase to the Ecumenical Temple.
  8142 | D:7      | Noticed Prince Ribbit
  8156 | D:7      | Killed Prince Ribbit
  8156 | D:7      | Reached skill level 11 in Axes
  8162 | Temple   | Entered the Ecumenical Temple
  8403 | D:7      | Found a shimmering altar of Xom.
  8404 | D:7      | Found a shimmering altar of Xom.
  8405 | D:7      | Found a shimmering altar of Xom.
  8405 | D:7      | Found a shimmering altar of Xom.
  8405 | D:7      | Found a shimmering altar of Xom.
  8406 | D:7      | Found a shimmering altar of Xom.
  8406 | D:7      | Found a shimmering altar of Xom.
  8722 | D:8      | Noticed Quirk's ghost (novice DsFi)
  8794 | D:8      | Noticed Grum
  8804 | D:8      | Killed Grum
  8864 | D:8      | Reached *** piety under Okawaru
  8909 | D:7      | Reached skill level 5 in Fighting
  8940 | D:8      | Gained mutation: Your spells are a little harder to cast, but a little more powerful. [potion of beneficial mutation]
  8978 | D:8      | Killed Quirk's ghost
  8978 | D:8      | Reached XP level 10. HP: 20/74 MP: 6/10
  9238 | D:8      | Reached skill level 12 in Axes
  9240 | D:8      | Got an ichor-stained scale mail
  9251 | D:8      | Identified the +3 scale mail "Cawelep" {rC- rN+ MP+9} (You found it on level 8 of the Dungeon)
  9292 | D:8      | Reached skill level 5 in Dodging
  9302 | D:8      | Reached **** piety under Okawaru
  9842 | D:9      | Found a staircase to the Orcish Mines.
 10061 | D:9      | Reached ***** piety under Okawaru
 10061 | D:9      | Reached skill level 1 in Invocations
 10076 | D:9      | Found a staircase to the Lair.
 10192 | D:9      | Found an opulent altar of Gozag.
 10267 | D:10     | Entered Level 10 of the Dungeon
 10310 | D:10     | Found Figomias's Gadget Shop.
 10316 | D:10     | Reached XP level 11. HP: 82/83 MP: 11/11
 10332 | D:10     | Got an ichor-stained chain mail
 10343 | D:10     | Identified the cursed +1 chain mail of Insatiable Hunger {Regen+ Str+6} (You found it on level 10 of the Dungeon)
 10374 | D:10     | Reached skill level 5 in Armour
 11017 | D:10     | Noticed a hill giant
 11029 | D:10     | Killed a hill giant
 11029 | D:10     | Received a gift from Okawaru
 11029 | D:10     | Reached skill level 13 in Axes
 11292 | D:11     | Noticed Sonja
 11330 | D:11     | Noticed Maurice
 11413 | D:11     | Killed Maurice
 11816 | D:11     | Cast into level 2 of the Abyss (Sonja)
 11828 | Abyss:2  | Noticed a thrashing horror
 11848 | Abyss:2  | Killed a thrashing horror
 11896 | Abyss:2  | Noticed a starcursed mass
 11901 | Abyss:2  | Noticed a thrashing horror
 11910 | Abyss:2  | Noticed a thrashing horror
 11984 | D:11     | Escaped the Abyss
 12077 | D:11     | Noticed Psyche
 12084 | D:11     | Killed Psyche
 12237 | Lair:1   | Entered Level 1 of the Lair of Beasts
 12575 | Lair:1   | Reached skill level 5 in Invocations
 13100 | Lair:2   | Gained mutation: Your flesh is heat resistant. (rF+) [demonic ancestry]
 13100 | Lair:2   | Reached XP level 12. HP: 75/92 MP: 16/16
 13121 | Lair:2   | Found a staircase to the Snake Pit.
 13171 | Lair:2   | Found a staircase to the Swamp.
 13327 | Lair:2   | Learned a level 2 spell: Repel Missiles
 13896 | Lair:3   | Noticed Snorg
 13919 | Lair:3   | Killed Snorg
 13985 | Lair:3   | Received a gift from Okawaru
 14097 | Lair:3   | Noticed Rupert
 14106 | Lair:3   | Reached skill level 14 in Axes
 14158 | Lair:3   | Killed Rupert
 15061 | Lair:4   | Noticed a six-headed hydra
 15488 | Lair:4   | Gained mutation: You are immune to clouds of flame. [demonic ancestry]
 15488 | Lair:4   | Reached XP level 13. HP: 61/101 MP: 17/19
 15536 | Lair:4   | Slain by a six-headed hydra

Skill      XL: |  1  2  3  4  5  6  7  8  9 10 11 12 |
---------------+-------------------------------------+-----
Axes           | 3 4 5 6 7 9 10 11 12 13 14 | 14.4
Dodging        | 3 4 5 6 7 |  7.9
Armour         | 1 3 4 6 7 |  7.4
Fighting       | 5 6 7 9 |  9.0
Invocations    | 1 5 8 |  8.0
Stealth        | |  1.7

Action                   |  1- 3 |  4- 6 |  7- 9 | 10-12 | 13-15 || total
-------------------------+-------+-------+-------+-------+-------++-------
Melee: Hand axe          |   142 |   199 |    93 |       |       ||   434
       Whip              |       |       |   360 |       |       ||   360
       Battleaxe         |       |       |    59 |   680 |     3 ||   742
       Punch             |       |       |     2 |       |       ||     2
       Executioner's axe |       |       |       |    49 |       ||    49
       Great mace        |       |       |       |       |     7 ||     7
Invok: Heroism           |       |       |     6 |    11 |     1 ||    18
       Finesse           |       |       |       |     3 |       ||     3
Evoke: Wand              |       |       |       |       |     1 ||     1
  Use: Scroll            |     3 |    12 |     5 |    14 |       ||    34
       Potion            |       |     4 |     8 |    11 |       ||    23
 Stab: Sleeping          |     4 |     5 |     4 |     6 |       ||    19
       Distracted        |     1 |       |       |     2 |       ||     3
       Invisible         |       |       |     7 |       |       ||     7
  Eat: Chunk             |     3 |     8 |    15 |    29 |     1 ||    56
Armor: Robe              |    26 |    34 |       |       |       ||    60
       Ring mail         |       |    18 |    51 |       |       ||    69
       Troll leather arm |       |       |    48 |    44 |       ||    92
       Chain mail        |       |       |       |   208 |    18 ||   226
Dodge: Dodged            |    98 |   128 |   290 |   492 |    15 ||  1023
Block: Other             |       |     8 |    54 |    90 |     4 ||   156
       Reflection        |       |     1 |     2 |     5 |       ||     8
